 Dungeon Crawl Stone Soup version 0.28.0-43-g3370ac3207 (webtiles) character file.

Game seed: 11566208071390926027

65 pkoi the Grasshopper (level 3, -4/18 HPs)
             Began as a Spriggan Warper on Mar 8, 2022.
             Killed by nerve-wracking pain
             ... invoked by Grinder
              (10 damage)
             ... while paralysed by Grinder
             ... on level 3 of the Dungeon.
             The game lasted 00:04:39 (4537 turns).

pkoi the Grasshopper (Spriggan Warper)              Turns: 4537, Time: 00:04:40

Health: -4/18      AC:  2    Str:  7    XL:     3   Next: 94%
Magic:  8/8        EV:  4    Int: 16    God:
Gold:   36         SH:  0    Dex: 14    Spells: 3/8 levels left

rFire   . . .      SeeInvis +   f - +0 spear (venom)
rCold   . . .      Faith    .   (no shield)
rNeg    . . .      Spirit   .   a - +0 robe
rPois   .          Reflect  .   (helmet restricted)
rElec   .          Harm     .   (no cloak)
rCorr   .          Rampage  .   (gloves unavailable)
Will    .....                   (boots unavailable)
Stlth   ++........              (no amulet)
HPRegen 0.06/turn               (no ring)
MPRegen 0.11/turn               (no ring)

@: paralysed, very quick
A: very small, no large weapons, unfitting armour, see invisible, speed 3
a: no special abilities


You were on level 3 of the Dungeon.
You visited 1 branch of the dungeon, and saw 3 of its levels.

You collected 36 gold pieces.

Inventory:

Hand Weapons
 d - a +0 short sword
 f - a +0 spear of venom (weapon)
Missiles
 c - 5 boomerangs of dispersal (quivered)
Armour
 a - a +0 robe (worn)
Magical Staves
 e - a staff of poison
Jewellery
 h - a ring of ice
Scrolls
 b - a scroll of blinking
 g - a scroll of brand weapon
Potions
 j - a potion of heal wounds
 k - a potion of haste {unknown}
 m - a potion of berserk rage


   Skills:
 - Level 1.5 Fighting
 - Level 1.0 Throwing
 + Level 4.0 Dodging
 + Level 2.6 Stealth
 - Level 1.5 Unarmed Combat
 - Level 3.1 Spellcasting
 * Level 5.5 Translocations


You had 3 spell levels left.
You knew the following spells:

 Your Spells              Type           Power      Damage    Failure   Level
a - Blink                 Tloc           40%        N/A       2%          2
b - Gell's Gravitas       Tloc           20%        N/A       5%          3

Your spell library contained the following spells:

 Spells                   Type           Power      Damage    Failure   Level
 Lesser Beckoning         Tloc           20%        N/A       5%          3
 Teleport Other           Tloc           20%        N/A       5%          3
 Manifold Assault         Tloc           20%        N/A       45%         5


Dungeon Overview and Level Annotations

Branches:
Dungeon (3/15)

Altars:

Annotations:
D:3 Grinder


Innate Abilities, Weirdness & Mutations

You are very small and have problems with some larger weapons.
You are too small for most types of armour.
You have supernaturally acute eyesight. (SInv)
You cover ground extremely quickly. (Speed+++)


Message History

A goblin comes into view. It is wielding a +0 dagger.
A goblin is nearby!
A goblin is nearby!
A frilled lizard comes into view.
You reach to attack!
The helpless frilled lizard fails to defend itself.
You hit the frilled lizard.
You kill the frilled lizard!
You reach to attack!
You hit the goblin.
The goblin is heavily wounded.
You hit the goblin.
The goblin is severely wounded.
The goblin misses you.
You hit the goblin.
You kill the goblin!
Things that are here:
a +0 dagger; a goblin corpse A ball python and a dart slug come into view.
Found 24 stones.
There are monsters nearby!
There are monsters nearby!
The ball python hisses angrily.
You hit the ball python.
You kill the ball python!
Things that are here:
a +0 dagger; a goblin corpse You barely miss Grinder.
Grinder barely misses you.
You hit Grinder.
Grinder is lightly wounded.
Grinder gestures at you.
You suddenly lose the ability to move!
Grinder hits you.
You writhe in agony.
Grinder hits you.
* * * LOW HITPOINT WARNING * * *
You writhe in agony.
* * * LOW HITPOINT WARNING * * *
Grinder gestures at you. Pain shoots through your body!
Ouch! That really hurt!
You die...

####### #.....#
#####.....#
#.).......#
#.#<#.....#
#.#.......#
#...####..#
#..##†.##.#
##.5@...#.'....§.
#..##w.#.##.....
#.##(?##.# ....
#.#..##..# ...
#.#.. ..# ..
#.##. #.# . #..##
..# ##


You could see Grinder and a dart slug.

Vanquished Creatures
  An adder (D:2)
  2 worms (D:2)
  4 dart slugs
  2 endoplasms (D:1)
  2 giant cockroaches
  3 goblins
  5 hobgoblins
  3 jackals (D:1)
  4 kobolds
  A quokka (D:2)
  4 ball pythons
  4 bats (D:1)
  3 frilled lizards
  3 rats
41 creatures vanquished.

Notes
Turn   | Place    | Note
-------+----------+-------------------------------------------
     0 | D:1      | pkoi the Spriggan Warper began the quest for the Orb.
     0 | D:1      | Reached XP level 1. HP: 10/10 MP: 5/5
   751 | D:1      | Reached skill level 1 in Stealth
   771 | D:1      | Reached XP level 2. HP: 5/14 MP: 7/7
  2113 | D:1      | Learned a level 2 spell: Blink
  2641 | D:1      | Reached skill level 5 in Translocations
  2791 | D:2      | Reached XP level 3. HP: 10/18 MP: 8/8
  3050 | D:2      | Identified the +0 pair of gloves of Apathy {Rampage rElec
                  | Dex-5 SInv}
  3316 | D:2      | Learned a level 3 spell: Gell's Gravitas
  4249 | D:3      | Noticed Grinder
  4249 | D:3      | Paralysed by Grinder for 6 turns
  4534 | D:3      | Paralysed by Grinder for 6 turns
  4537 | D:3      | Killed from afar by Grinder

Illustrated notes

Levels and vault maps discovered:
D:1:      dpeg_arrival_tiny_f, layout_basic, dk_noncrumbling_4
D:2:      layout_basic
D:3:      layout_basic, nzn_overflow_gifts_of_might_and_magic,
          mainiacjoe_overflow_concentric_impassable, gup_sewer_entry_spiral,
          st_stairs_14, minmay_close_crescents, uniq_grinder, uniq_natasha,
          uniq_ijyb

Skill      XL: |  1  2  3 |
---------------+----------+-----
Stealth        | 1 2 |  2.6
Spellcasting   | 3 |  3.1
Translocations | 5 |  5.5
Dodging        | 4 |  4.0
Fighting       | |  1.5
Throwing       | |  1.0
Unarmed Combat | |  1.5

Action                   || total
-------------------------++-------
Melee: Short sword       ||    60
       Unarmed           ||     8
       Spear             ||   117
       Punch             ||     1
  Use: Scroll            ||     4
       Potion            ||     1
 Stab: Sleeping          ||     8
       Distracted        ||     1
Armor: Robe              ||    13
Dodge: Dodged            ||    95
